AoeStats
← 只会打步弓

African Clearing

510335840Analyzed
4v4 RM · 21h ago on Sep 30, 2026· 20m 0s· 8 players
Game mode
Random Map
Map size
Large (8 player)
Population
200
Speed
Normal
Resources
Standard
Victory
Conquest
Starting age
Dark Age
Ending age
Imperial Age
RankedLock teamsTeams togetherTeam positionsShared explorationLock speedFull tech treeHidden civsTurbo modeCheats
Victory
Defeat
🇨🇳 Varangians · China
1717
+18
🇨🇳 Huns · China
1705
+19
🇨🇳 Magyars · China
1698
+19
🇨🇳 Mapuche · China
1690
+19
🇫🇷 Magyars · France
1809
-21
🇨🇭 Japanese · Switzerland
1781
-19
🇵🇪 Mongols · Peru
1741
-18
🇨🇳 Berbers · China
1714
-17
noru
10:22 Loom
12:07 Feudal Age
13:35 Gold Mining
16:41 Castle Age
14:58 Double-Bit Axe
=)Svanhilde
11:19 Feudal Age
11:20 Loom
11:51 Double-Bit Axe
11:59 Horse Collar
17:36 Wheelbarrow
[BÜN] Mr. Grüezi
13:11 Feudal Age
13:57 Double-Bit Axe
16:49 Castle Age
15:09 Horse Collar
15:21 Gold Mining
17:59 Bow Saw
17:51 Town Watch
18:12 Heavy Plow
kibou
12:02 Loom
13:47 Feudal Age
15:52 Double-Bit Axe
18:12 Castle Age
16:40 Horse Collar
17:23 Fletching
19:57 Bodkin Arrow
LUCKY
5:59 Loom
13:30 Feudal Age
18:29 Castle Age
16:34 Double-Bit Axe
17:17 Town Watch
17:25 Horse Collar
19:33 Bow Saw
19:51 Heavy Plow
LY006
7:52 Loom
11:38 Feudal Age
12:58 Double-Bit Axe
14:04 Horse Collar
19:46 Castle Age
18:35 Gold Mining
19:26 Bloodlines
19:13 Fletching
只会打步弓
4:28 Loom
11:57 Feudal Age
13:27 Feudal Age
17:19 Castle Age
16:04 Double-Bit Axe
17:12 Fletching
17:13 Gold Mining
18:00 Bodkin Arrow
18:27 Padded Archer Armor
小胖子
11:25 Feudal Age
12:05 Double-Bit Axe
13:13 Loom
13:36 Horse Collar
Connection lost

Rejoining the realm…

Still unreachable

The connection could not be restored.

Session expired

The server has moved on; the page needs a fresh start.